 Dungeon Crawl Stone Soup version 0.29-a0-360-g8ed1089bbe (webtiles) character file.

Game seed: 11803399347590792983

91 dolemite99 the Poker (level 4, -3/35 HPs)
             Began as a Demonspawn Chaos Knight on Apr 29, 2022.
             Was a Plaything of Xom.
             Slain by Grinder (4 damage)
             ... on level 3 of the Dungeon.
             The game lasted 00:02:28 (2668 turns).

dolemite99 the Poker (Demonspawn Chaos Knight)      Turns: 2668, Time: 00:02:28

Health: -3/35      AC:  5    Str: 14    XL:     4   Next: 33%
Magic:  4/4        EV: 11    Int: 13    God:    Xom [.*....]
Gold:   139        SH:  0    Dex: 13    Spells: 3/3 levels left

rFire   . . .      SeeInvis .   a - +0 lajatang
rCold   . . .      Faith    .   (shield currently unavailable)
rNeg    . . .      Spirit   .   b - +2 leather armour
rPois   .          Reflect  .   (no helmet)
rElec   .          Harm     .   (no cloak)
rCorr   .          Rampage  .   (no gloves)
Will    .....                   (no boots)
Stlth   +.........              (no amulet)
HPRegen 0.11/turn               (no ring)
MPRegen 0.09/turn               (no ring)

@: no status effects
A: demonic guardian 1, powered by pain 1
a: Renounce Religion


You were on level 3 of the Dungeon.
You worshipped Xom.
You were a plaything of Xom.
You visited 1 branch of the dungeon, and saw 3 of its levels.

You collected 139 gold pieces.

Inventory:

Hand Weapons
 a - a +0 lajatang (weapon)
 k - a +2 mace of protection
 o - a +3 great mace
 p - a +1 hand axe of chaos
 s - a +0 spear of chaos
Missiles
 m - 64 stones
Armour
 b - a +2 leather armour (worn)
Magical Staves
 f - a staff of death
Jewellery
 j - a ring of resist corrosion
 l - a ring of ice
 r - a ring of wizardry
Scrolls
 d - a scroll of vulnerability {unknown}
 e - a scroll of amnesia {unknown}
 g - a scroll of noise {unknown}
 h - 2 scrolls of fog {unknown}
 i - a scroll of silence {unknown}
 n - a scroll of enchant weapon {unknown}
 q - a scroll of identify {unknown}
Potions
 t - a potion of attraction {unknown}
Miscellaneous
 c - a piece from Xom's chessboard (1/15) (quivered)


   Skills:
 - Level 3.0 Fighting
 - Level 4.5(4.6) Polearms
 + Level 1.0(3.0) Staves
 - Level 1.7 Armour
 - Level 0.8 Dodging


You had 3 spell levels left.
You didn't know any spells.
Your spell library was empty.

Dungeon Overview and Level Annotations

Branches:
Dungeon (3/15)

Altars:
Dithmenos

Annotations:
D:3 Grinder


Innate Abilities, Weirdness & Mutations

A weak demonic guardian rushes to your aid.
You sometimes gain a little power by taking damage.


Message History

Grinder is lightly wounded.
Grinder hits you.
A demonic guardian appears!
You hit Grinder.
Grinder is moderately wounded.
Grinder hits you.
Your ufetubus barely misses Grinder.
Your ufetubus hits Grinder.
The dart slug briefly extends its eye-stalks.
The dart slug barely misses your ufetubus.
Grinder misses your ufetubus.
You closely miss Grinder.
Grinder is moderately wounded.
Your ufetubus barely misses Grinder.
Your ufetubus hits Grinder.
Your ufetubus barely misses Grinder.
Your ufetubus hits Grinder but does no damage.
Grinder hits you!
* * * LOW HITPOINT WARNING * * *
You writhe in agony.
* * * LOW HITPOINT WARNING * * *
The dart slug closely misses your ufetubus.
You closely miss Grinder.
Grinder is heavily wounded.
Your ufetubus closely misses Grinder.
Your ufetubus hits Grinder but does no damage.
Your ufetubus hits Grinder. x2; Grinder hits you but does no damage.
You hit Grinder.
Grinder is severely wounded.
Your ufetubus completely misses Grinder.
Your ufetubus hits Grinder.
The quokka twitches its whiskers.
The dart slug launches a dart at you. The slug dart hits your ufetubus.
Grinder hits you.
* * * LOW HITPOINT WARNING * * *
Your ufetubus completely misses the dart slug.
Your ufetubus hits the dart slug. You hit Grinder.
Grinder is severely wounded.
Your ufetubus completely misses the dart slug.
Your ufetubus hits the dart slug. Grinder hits you.
You die...
Xom is highly amused!

###............. #####
....!.#....... # #...#
......#.....# .# #...#
.........?..###.# .. #.).#
...!.....r..>...# #.##. #...#
.........w##.#### ......## #...#
######.#5# #... #...#### #.#5#
#.## #......# #.#@# ######
#......# #.#.# #.....
####....######.#.# #.####
........##.....#.####### ###..
.....<...†..............#####.#..
.........#....##.######.......#..
.....#...#....##.# #######.###
.....#...#....##.# ###.)..
.....#...#....##.# #####.#.###


You could see Grinder, a dart slug (ally target), a quokka and a friendly
ufetubus (summoned).

Vanquished Creatures
  4 adders
  3 worms (D:2)
  4 dart slugs
  A ball python (D:1)
  An endoplasm (D:2)
  A giant cockroach (D:3)
  8 goblins
  2 hobgoblins
  3 kobolds (D:3)
  3 quokkas (D:2)
  A bat (D:3)
  A frilled lizard (D:2)
  7 rats
39 creatures vanquished.

Notes
Turn   | Place    | Note
-------+----------+-------------------------------------------
     0 | D:1      | dolemite99 the Demonspawn Chaos Knight began the quest for
                  | the Orb.
     0 | D:1      | Reached XP level 1. HP: 18/18 MP: 1/1
    86 | D:1      | XOM: silly message
    99 | D:1      | Reached skill level 3 in Polearms
   120 | D:1      | XOM: silly message
   379 | D:1      | You fall into a shaft and drop 1 floor!
   411 | D:2      | Gained mutation: You sometimes gain a little power by
                  | taking damage. [demonic ancestry]
   411 | D:2      | Reached XP level 2. HP: 24/24 MP: 2/2
   427 | D:2      | Found a faded altar of an unknown god.
   467 | D:2      | XOM: silly message
   598 | D:2      | Reached XP level 3. HP: 22/29 MP: 3/3
   819 | D:2      | Reached skill level 4 in Polearms
  1188 | D:2      | Found a shadowy altar of Dithmenos.
  1647 | D:3      | Gained mutation: A weak demonic guardian rushes to your
                  | aid. [demonic ancestry]
  1647 | D:3      | Reached XP level 4. HP: 24/35 MP: 4/4
  1859 | D:3      | XOM: god gift: glowing hand axe {god gift}
  2654 | D:3      | Noticed Grinder
  2662 | D:3      | Reached skill level 1 in Staves
  2667 | D:3      | HP: 1/35 [Grinder (5)]
  2668 | D:3      | Slain by Grinder

Illustrated notes

Levels and vault maps discovered:
D:1:      nzn_arrival_crosshair, layout_basic, minmay_quantized
D:2:      layout_basic, nicolae_ecumenical_lake_church, basic_altar
D:3:      layout_basic, xom_redecorated, grunt_decor_fettered, uniq_grinder

Skill      XL: |  1  2  3  4 |
---------------+-------------+-----
Polearms       | 3 4 |  4.5
Staves         | 1 |  1.0
Fighting       | |  3.0
Armour         | |  1.7
Dodging        | |  0.8

Action                   |  1- 3 |  4- 6 || total
-------------------------+-------+-------++-------
Melee: Spear             |   121 |    20 ||   141
       Lajatang          |       |    17 ||    17
Evoke: Piece from Xom's  |    16 |     1 ||    17
  Use: Potion            |     1 |       ||     1
 Stab: Petrified         |       |     3 ||     3
Armor: Leather armour    |    35 |     8 ||    43
       Skin              |    18 |       ||    18
Dodge: Dodged            |    49 |     9 ||    58

Table legend: (Time is in decaauts)
 A = Elapsed time spent in this place.
 B = Non-inter-level travel time spent in this place.
 C = Inter-level travel time spent in this place.
 D = Time resting spent in this place.
 E = Time spent auto-exploring this place.
 F = Levels seen in this place.
 G = Mean time per level.
                   A        B        C        D        E       F      G
               +--------+--------+--------+--------+--------+-----+--------+
         Total |   2657 |   2649 |      8 |    893 |   1324 |   3 |  885.7 |
       Dungeon |   2657 |   2649 |      8 |    893 |   1324 |   3 |  885.7 |
               +--------+--------+--------+--------+--------+-----+--------+

Top non-repeatable levels by time:
     D:2: 1220 daAuts
     D:3: 1058 daAuts
     D:1: 378 daAuts
